 Dungeon Crawl Stone Soup version 0.18.1-1-g2f07953 (webtiles) character file.

9432 Keyn the Covert (level 11, -3/56 HPs)
             Began as a Spriggan Enchanter on May 6, 2016.
             Killed from afar by a white imp (8 damage)
             ... with a puff of frost
             ... on level 2 of the Lair of Beasts.
             The game lasted 00:39:11 (10345 turns).

Keyn the Covert (Spriggan Enchanter)               Turns: 10345, Time: 00:39:11

Health: -3/56      AC:  7    Str:  4    XL:     11   Next: 23%
Magic:  22/22      EV: 24    Int: 19    God:
Gold:   373        SH:  0    Dex: 18    Spells: 2 memorised, 18 levels left

rFire  . . .     SeeInvis +     a - +1 dagger
rCold  . . .     Gourm    .     b - +1 robe
rNeg   . . .     Faith    .     (shield restricted)
rPois  .         Spirit   .     (helmet restricted)
rElec  .         Dismiss  .     B - +2 cloak
rCorr  +         Reflect  .     (gloves unavailable)
SustAt .         Harm     .     (boots unavailable)
MR     +....                    n - amulet of magic regeneration
Stlth  ++++++....               j - +1 ring of protection
                                f - ring of resist corrosion

@: very quick, somewhat resistant to hostile enchantments, very stealthy
A: unfitting armour, see invisible, herbivore 3, speed 3, slow metabolism 2
a: no special abilities


You were on level 2 of the Lair of Beasts.
You were not hungry.

You visited 2 branches of the dungeon, and saw 10 of its levels.

You collected 512 gold pieces.
You spent 139 gold pieces at shops.

Inventory:

Hand Weapons
 a - a +1 dagger (weapon)
 i - a +2 scythe of slicing
Armour
 b - a +1 robe (worn)
 l - a +0 robe
 B - a +2 cloak (worn)
 C - a +0 robe
Jewellery
 f - a ring of resist corrosion (left hand)
 j - a +1 ring of protection (right hand)
 n - an amulet of magic regeneration (around neck)
 z - a cursed ring of loudness {unknown}
 A - a +3 ring of strength {unknown}
 H - an uncursed ring of magical power {unknown}
Wands
 o - a wand of digging (9/24)
 s - a wand of polymorph (9/24)
Scrolls
 e - 6 scrolls of teleportation
 g - a scroll of immolation
 m - 4 scrolls of remove curse
 q - 2 scrolls of recharging
 u - a scroll of fog {unknown}
 v - a scroll of blinking {unknown}
 w - 2 scrolls of random uselessness {unknown}
 x - a scroll of silence {unknown}
 y - 3 scrolls of magic mapping
 D - a scroll of enchant armour {unknown}
 J - 2 scrolls of identify
Potions
 h - 2 potions of lignification
 k - 3 potions of curing
 p - a potion of flight {unknown}
 r - a potion of brilliance
 t - a potion of berserk rage {unknown}
 E - 2 potions of resistance {unknown}
 G - 2 potions of haste
 I - a potion of ambrosia {unknown}
Books
 c - a book of Maledictions

   Spells                             Type                      Level
   a - Corona                         Hexes                        1
   b - Ensorcelled Hibernation        Hexes/Ice                    2
   c - Confuse                        Hexes                        3
   d - Tukima's Dance                 Hexes                        3
   e - Dazzling Spray                 Conjuration/Hexes            3
 F - a book of Transfigurations

   Spells                             Type                      Level
   a - Irradiate                      Conjuration/Transmutation    5
   b - Statue Form                    Transmutation/Earth          6
   c - Hydra Form                     Transmutation                6
   d - Dragon Form                    Transmutation                7
Comestibles
 d - a bread ration


   Skills:
 - Level 6.0 Fighting
 - Level 10.0 Short Blades
 + Level 8.5 Dodging
 + Level 12.4 Stealth
 - Level 6.7 Spellcasting
 - Level 10.0 Hexes


You had 18 spell levels left.
You knew the following spells:

 Your Spells              Type           Power        Failure   Level  Hunger
a - Confuse               Hex            #####...     1%          3    ##.....
b - Ensorcelled Hibernat  Hex/Ice        ####..       1%          2    None


Dungeon Overview and Level Annotations

Branches:
Dungeon (8/15)             Temple (0/1) D:6            Lair (2/8) D:8

Altars:
Okawaru
Trog

Shops:
D:7 [

Portals:
Ice
Cave: Lair:2


Innate Abilities, Weirdness & Mutations

You are tiny and cannot use many weapons and most armour.
You have supernaturally acute eyesight.
You are a herbivore.
You cover ground extremely quickly.
You need consume almost no food.


Message History

The white imp completely misses you. x2
The white imp gestures at you. The puff of frost hits you!
* * * LOW HITPOINT WARNING * * *
The white imp hits you but does no damage.
The white imp gestures at you. The puff of frost hits you!
* * * LOW HITPOINT WARNING * * *
Drink which item? (? for menu, Esc to quit)
You feel better. The white imp hits you.
* * * LOW HITPOINT WARNING * * *
The white imp freezes you.
* * * LOW HITPOINT WARNING * * *
The white imp barely misses you. The white imp misses you.
The white imp gestures at you. The puff of frost hits you!
* * * LOW HITPOINT WARNING * * *
The white imp gestures at you. The puff of frost hits you!
You die...

#........##
##........P#.
#.†..........
#####........#..
#....#..........
#.........P......
#..........#....
#...#....55#....
.........55@#
#........555#
######....555
####...5. #...∩..
##...... #.......
.....##P.


You could see 11 white imps.

Vanquished Creatures
  Erica (D:8)
  The ghost of barb4r1an the Fighter, a novice GrBe of Trog (D:8)
  The ghost of no0bjke the Covert, a novice OpAs of Dithmenos (D:7)
  The ghost of no0bjke the Skirmisher, a novice NaFi (D:5)
  3 spiny frogs
  Prince Ribbit (D:5)
  3 blink frogs (Lair:1)
  Sigmund (D:3)
  8 yaks
  A wyvern (D:6)
  A hungry ghost (D:6)
  Eustachio (D:4)
  A hippogriff (Lair:1)
  Edmund (D:6)
  2 water moccasins (Lair:1)
  5 porcupines (Lair:1)
  An ice beast (D:6)
  A sky beast (D:5)
  2 orc warriors (D:8)
  2 phantoms (D:8)
  Purgy (D:3)
  A black bear (D:8)
  3 ogres
  5 wolves (Lair:1)
  A crocodile (Lair:1)
  3 centaurs
  4 giant frogs
  3 scorpions
  2 crimson imps (D:7)
  A giant frog zombie (D:6)
  A centaur zombie (D:7)
  3 hounds
  A quasit (D:5)
  4 orc priests
  A giant frog skeleton (D:5)
  Terence (D:3)
  2 iguanas
  5 orc wizards
  4 worker ants
  A killer bee zombie (D:7)
  A worker ant zombie (D:5)
  4 gnolls (D:5)
  A howler monkey skeleton (D:7)
  7 adders
  12 river rats
  A shadow imp (D:6)
  An ooze (D:1)
  3 adder skeletons
  3 worms
  2 dart slugs
  9 giant geckos
  9 orcs
  12 giant cockroaches
  11 goblins
  6 hobgoblins
  6 jackals
  5 quokkas
  4 ball pythons
  16 bats
  3 giant newts
  9 kobolds
  23 rats
233 creatures vanquished.

Vanquished Creatures (others)
  A plant (Lair:1)
1 creature vanquished.

Grand Total: 234 creatures vanquished

Notes
Turn   | Place    | Note
--------------------------------------------------------------
     0 | D:1      | Keyn the Spriggan Enchanter began the quest for the Orb.
     0 | D:1      | Reached XP level 1. HP: 9/9 MP: 5/5
   139 | D:1      | Reached skill level 5 in Stealth
   139 | D:1      | Reached XP level 2. HP: 13/13 MP: 6/6
   143 | D:1      | Learned a level 2 spell: Ensorcelled Hibernation
   564 | D:1      | Reached XP level 3. HP: 16/16 MP: 0/8
  1115 | D:2      | Reached skill level 6 in Stealth
  1719 | D:2      | Reached XP level 4. HP: 15/21 MP: 0/9
  1906 | D:2      | Learned a level 3 spell: Confuse
  2159 | D:3      | Noticed Sigmund
  2166 | D:3      | Killed Sigmund
  2166 | D:3      | Reached skill level 8 in Stealth
  2166 | D:3      | Reached XP level 5. HP: 24/24 MP: 6/10
  2177 | D:3      | Noticed Purgy
  2375 | D:3      | Killed Purgy
  2375 | D:3      | Reached XP level 6. HP: 26/28 MP: 2/11
  2601 | D:3      | Reached skill level 5 in Short Blades
  2725 | D:3      | Found an iron altar of Okawaru.
  2726 | D:3      | Found a bloodstained altar of Trog.
  2821 | D:3      | Noticed Terence
  2827 | D:3      | Killed Terence
  3881 | D:4      | Noticed Eustachio
  3888 | D:4      | Killed Eustachio
  3888 | D:4      | Reached XP level 7. HP: 32/32 MP: 10/14
  4259 | D:5      | Entered Level 5 of the Dungeon
  5049 | D:5      | Reached skill level 5 in Hexes
  5404 | D:5      | Noticed Prince Ribbit
  5414 | D:5      | Killed Prince Ribbit
  5494 | D:5      | Reached XP level 8. HP: 36/36 MP: 7/15
  5524 | D:5      | Noticed no0bjke's ghost (novice NaFi)
  5952 | D:5      | Killed no0bjke's ghost
  6210 | D:5      | Reached skill level 1 in Fighting
  6641 | D:5      | Reached skill level 5 in Dodging
  6782 | D:6      | Noticed Edmund
  6791 | D:6      | Killed Edmund
  6905 | D:6      | Found a staircase to the Ecumenical Temple.
  6919 | D:6      | Reached XP level 9. HP: 43/43 MP: 16/16
  7086 | D:6      | Found an iron altar of Okawaru.
  7098 | D:6      | Reached skill level 9 in Stealth
  7183 | D:6      | Reached skill level 10 in Stealth
  7446 | D:7      | Noticed no0bjke's ghost (novice OpAs)
  7506 | D:7      | Killed no0bjke's ghost
  7506 | D:7      | Reached skill level 11 in Stealth
  7758 | D:7      | Reached XP level 10. HP: 49/49 MP: 17/17
  7779 | D:7      | Found Taliv's Antique Armour Shop.
  7782 | D:7      | Bought a glowing cloak for 121 gold pieces
  7782 | D:7      | Bought a robe for 18 gold pieces
  8236 | D:8      | Noticed barb4r1an's ghost (novice GrBe)
  8272 | D:8      | Killed barb4r1an's ghost
  8272 | D:8      | Reached skill level 12 in Stealth
  8462 | D:8      | Noticed Erica
  8466 | D:8      | Killed Erica
  8466 | D:8      | Reached skill level 5 in Spellcasting
  8873 | D:8      | Found a staircase to the Lair.
  8995 | Lair:1   | Entered Level 1 of the Lair of Beasts
  9018 | Lair:1   | Reached skill level 5 in Fighting
  9128 | Lair:1   | Noticed a spiny frog
  9152 | Lair:1   | Reached skill level 10 in Hexes
  9325 | Lair:1   | Noticed a spiny frog
  9335 | Lair:1   | Killed a spiny frog
  9338 | Lair:1   | Reached XP level 11. HP: 56/56 MP: 16/22
  9845 | Lair:1   | Reached skill level 10 in Short Blades
 10327 | Lair:2   | Found a frozen archway.
 10345 | Lair:2   | Killed from afar by a white imp

Skill      XL: |  1  2  3  4  5  6  7  8  9 10 11 |
---------------+----------------------------------+-----
Stealth        | 5 6 8 11 12 | 12.4
Short Blades   | 2 4 5 7 9 10 | 10.0
Spellcasting   | 4 6 |  6.7
Hexes          | 4 7 9 10 | 10.0
Fighting       | 2 3 6 |  6.0
Dodging        | 6 8 |  8.5

Action                   |  1- 3 |  4- 6 |  7- 9 | 10-12 || total
-------------------------+-------+-------+-------+-------++-------
Melee: Dagger            |   103 |    92 |   237 |   164 ||   596
 Cast: Ensorcelled Hiber |    29 |    33 |    75 |    82 ||   219
       Confuse           |       |       |    11 |     6 ||    17
  Use: Scroll            |     2 |     4 |     3 |     1 ||    10
       Potion            |     2 |     4 |     3 |     1 ||    10
 Stab: Sleeping          |    34 |    40 |    50 |    74 ||   198
       Confused          |       |       |    14 |     5 ||    19
  Eat: Fruit             |       |     1 |       |       ||     1
       Bread ration      |       |     1 |     1 |     1 ||     3
Armor: Robe              |     5 |    17 |    18 |    15 ||    55
Dodge: Dodged            |    63 |    59 |   155 |   124 ||   401
